 Dungeon Crawl Stone Soup version bcrawl-1.38b (webtiles) character file.

Game seed: 9267944425486662142

228941 Baz the Covert (level 9, -1/62 HPs)
             Began as an Octopode Chaos Knight on Feb 13, 2023.
             Was a Plaything of Xom.
             Slain by an orc warrior
             ... wielding a +0 broad axe
              (5 damage)
             ... on level 6 of the Dungeon on Mar 5, 2023.
             The game lasted 00:13:34 (6120 turns).

Baz the Covert (Octopode Chaos Knight)              Turns: 6120, Time: 00:13:35

Health: -1/62      AC:  3    Str: 18      XL:     9   Next: 0%
Magic:  21/21      EV: 14    Int: 16      God:    Xom [.*....]
Gold:   404        SH:  0    Dex:  8 (9)  Spells: 8/8 levels left

rFire    . . .     GDR:     19% a - +0 short sword (chaos)
rCold    . . .     SeeInvis .   (no shield)
rNeg     . . .     Gourm    .   (helmet restricted)
rPois    +         Faith    .   (cloak restricted)
rElec    .         Spirit   .   (no amulet)
rCorr    .         Reflect  .   f - ring of poison resistance
MR       .....                  s - ring of magical power
Stlth    +++++.....             w - +4 ring of strength
HPRegen  0.20/turn              y - +3 ring of strength
MPRegen  0.17/turn              (no ring)
                                (no ring)
                                (no ring)
                                (no ring)

@: no status effects
A: almost no armour, stealthy swim, resist paralysis, amphibious, 8 rings,
constrict 8, icy blue scales 1, camouflage 1, clumsy 1, weak 1, gelatinous body
1
a: Renounce Religion


You were on level 6 of the Dungeon.
You worshipped Xom.
You were a plaything of Xom.
You were hungry.

You visited 1 branch of the dungeon, and saw 6 of its levels.

You collected 404 gold pieces.

Inventory:

Hand Weapons
 a - a +0 short sword of chaos (weapon)
Missiles
 t - 103 javelins (quivered)
Magical Staves
 k - an uncursed staff of air
Jewellery
 f - a ring of poison resistance (left tentacle)
 g - an uncursed ring of ice
 s - a ring of magical power (right tentacle)
 w - a +4 ring of strength (on tentacle)
 y - a +3 ring of strength (on tentacle)
Wands
 p - a wand of paralysis (6)
Scrolls
 c - 5 scrolls of teleportation
 d - 2 scrolls of immolation
 j - 3 scrolls of amnesia
 l - a scroll of fear
 r - 2 scrolls of remove curse
 u - a scroll of enchant armour {unknown}
 v - 2 scrolls of magic mapping {unknown}
 z - a scroll of fog {unknown}
Potions
 b - a potion of mutation
 h - a potion of berserk rage
 i - a potion of lignification {unknown}
 m - 2 potions of cancellation {unknown}
 n - a potion of agility
 o - 2 potions of heal wounds
 q - a potion of resistance {unknown}
 A - 2 potions of curing {unknown}
 B - 2 potions of haste {unknown}
Comestibles
 e - 12 rations {!d}
 x - 6 chunks of flesh


   Skills:
 + Level 5.7 Fighting
 - Level 3.6 Short Blades
 + Level 5.4 Dodging
 * Level 9.8 Stealth
 + Level 4.6 Evocations


You had 8 spell levels left.
You didn't know any spells.
Your spell library was empty.

Dungeon Overview and Level Annotations

Branches:
Dungeon (6/12)
 Temple: D:4-7

Altars:
Elyvilon
Okawaru
Qazlal
Uskayaw
Vehumet
Zin
The Shining One

Annotations:
D:4 1 runed translucent door, Exe's ghost, amateur MiAc


Innate Abilities, Weirdness & Mutations

You cannot wear most types of armour.
You are very stealthy in the water. (Stealth+)
Your unusual nervous system resists paralysis.
You are amphibious.
You can wear up to eight rings at the same time.
You can use your tentacles to constrict eight enemies at once.
Your skin changes colour to match your surroundings (Stealth+).
Your rubbery body absorbs attacks. (AC +1, EV +1)
You are partially covered in icy blue scales. (AC +2)
You are clumsy. (Dex -2)
You are weak. (Str -2)


Message History

You drain the orc warrior. You grab the orc warrior.
The orc warrior is lightly wounded.
You constrict the orc warrior, but do no damage.
The orc warrior hits you with a +0 broad axe!
You hit the orc warrior but do no damage.
The orc warrior seems to slow down.
You squeeze the orc warrior.
The orc warrior is moderately wounded.
You constrict the orc warrior.
The orc warrior hits you with a +0 broad axe!!
* * * LOW HITPOINT WARNING * * *
Xom thinks this is hilarious!
You are feeling hungry.
You hit the orc warrior.
The orc warrior spins around.
The orc warrior is heavily wounded.
You constrict the orc warrior, but do no damage.
You hit the orc warrior but do no damage.
The orc warrior is heavily wounded.
You constrict the orc warrior.
The orc warrior hits you with a +0 broad axe.
You die...

#.....#.# ##........
#.#### #..##.....
.....###.########
#.o..S# ###S###
#..#######
##########........
#..@o.............
#.####............
###.####.####.######
####...##...# .#
#####.........### ..
.####.))..#...#####
#.# ......#####<###
.# ............# .#
#...#........


You could see an orc warrior.

Vanquished Creatures
  A water moccasin (D:6)
  An orc warrior (D:5)
  An ice beast (D:6)
  A sky beast (D:5)
  2 ogres (D:5)
  A bullfrog (D:5)
  A kobold brigand (D:3)
  2 scorpions
  3 orc priests (D:5)
  4 crimson imps
  A bullfrog skeleton (D:5)
  A quasit (D:6)
  2 hounds (D:5)
  A bullfrog zombie (D:5)
  A jelly (D:5)
  3 orc wizards
  2 iguanas
  2 worker ants (D:5)
  2 hound skeletons
  A gnoll (D:3)
  10 adders
  A shadow imp (D:5)
  An adder zombie (D:4)
  3 worms
  2 leopard geckos (D:2)
  15 orcs
  5 giant cockroaches
  14 hobgoblins
  2 jackals (D:5)
  8 kobolds
  2 quokkas (D:3)
  2 ball pythons (D:2)
  8 bats
  3 frilled lizards
  9 goblins
  A jackal skeleton (D:5)
  A jackal zombie (D:5)
  8 rats
128 creatures vanquished.

Vanquished Creatures (others)
  4 toadstools (D:1)
4 creatures vanquished.

Grand Total: 132 creatures vanquished

Notes
Turn   | Place    | Note
-------+----------+-------------------------------------------
     0 | D:1      | Baz the Octopode Chaos Knight began the quest for the Orb.
     0 | D:1      | Reached XP level 1. HP: 16/16 MP: 1/1
   118 | D:1      | XOM: harmless Tloc miscast
   138 | D:1      | Reached skill level 1 in Stealth
   180 | D:1      | Reached XP level 2. HP: 21/21 MP: 2/2
   418 | D:1      | XOM: harmless Air miscast
   458 | D:1      | Reached skill level 2 in Stealth
   534 | D:1      | Reached XP level 3. HP: 26/26 MP: 3/3
   742 | D:2      | XOM: chaos cloud
   884 | D:2      | Found a glowing silver altar of Zin.
   884 | D:2      | Found a white marble altar of Elyvilon.
   884 | D:2      | Found a glowing golden altar of the Shining One.
  1044 | D:2      | XOM: enchant monster (good)
  1044 | D:2      | XOM: smoke on damage
  1118 | D:2      | XOM: torment (13/26 hp)
  1226 | D:2      | Reached skill level 3 in Stealth
  1226 | D:2      | Reached XP level 4. HP: 12/31 MP: 4/4
  1227 | D:2      | XOM: blink monster(s)
  1229 | D:2      | XOM: butterfly on damage
  1234 | D:2      | Found an iron altar of Okawaru.
  1345 | D:2      | XOM: give mutation
  1345 | D:2      | Gained mutation: You are partially covered in icy blue
                  | scales. (AC +2) [Xom's mischief]
  1971 | D:3      | XOM: fog
  1973 | D:3      | XOM: enchant monster (bad)
  2052 | D:3      | Noticed a kobold brigand
  2078 | D:3      | Reached XP level 5. HP: 33/36 MP: 5/5
  2162 | D:3      | XOM: mild Ice miscast
  2193 | D:3      | Reached skill level 4 in Stealth
  2228 | D:3      | XOM: give mutations
  2228 | D:3      | Gained mutation: You are dopey. (Int -2) [Xom's mischief]
  2228 | D:3      | Lost mutation: You are dopey. (Int -2) [Xom's mischief]
  2228 | D:3      | Gained mutation: You are weak. (Str -2) [Xom's mischief]
  2228 | D:3      | Gained mutation: You are clumsy. (Dex -2) [Xom's mischief]
  2285 | D:3      | XOM: god gift: 103 javelins
  2495 | D:3      | Killed a kobold brigand
  2496 | D:3      | Reached skill level 1 in Evocations
  2706 | D:3      | Reached XP level 6. HP: 35/43 MP: 6/6
  2848 | D:3      | XOM: noise
  2929 | D:3      | Reached skill level 5 in Stealth
  3058 | D:4      | Found a runed translucent door.
  3069 | D:4      | Noticed Exe's ghost (amateur MiAc)
  3386 | D:4      | Upgraded the game from bcrawl-1.37.2 to bcrawl-1.38b
  4139 | D:5      | Entered Level 5 of the Dungeon
  4162 | D:5      | Reached skill level 6 in Stealth
  4171 | D:5      | Reached XP level 7. HP: 37/48 MP: 8/8
  4340 | D:5      | XOM: polymorph orc -> bat
  4342 | D:5      | XOM: divination: magic mapping
  4350 | D:5      | XOM: harmless Summ miscast
  4402 | D:5      | XOM: cloud trail
  4518 | D:5      | XOM: polymorph hound -> worker ant
  4590 | D:5      | XOM: 4-stop teleportation journey
  4632 | D:5      | Found a hide-covered altar of Uskayaw.
  4640 | D:5      | Reached skill level 7 in Stealth
  4757 | D:5      | Reached XP level 8. HP: 36/54 MP: 10/10
  5002 | D:5      | XOM: harmless Necr miscast
  5094 | D:5      | XOM: mild Fire miscast
  5144 | D:5      | Reached skill level 5 in Fighting
  5144 | D:5      | Reached skill level 8 in Stealth
  5234 | D:5      | Noticed a water elemental
  5235 | D:5      | Found a stormy altar of Qazlal.
  5238 | D:5      | Noticed an air elemental
  5537 | D:5      | XOM: noise
  5610 | D:5      | Reached skill level 5 in Dodging
  5686 | D:5      | Reached skill level 9 in Stealth
  5819 | D:5      | XOM: noise
  5910 | D:6      | XOM: noise
  5948 | D:6      | XOM: silly message
  6059 | D:6      | Found a radiant altar of Vehumet.
  6095 | D:6      | XOM: cast spell 'Chain of Chaos'
  6117 | D:6      | Reached XP level 9. HP: 35/62 MP: 12/12
  6118 | D:6      | HP: 3/62 [orc warrior/+0 broad axe (20)]
  6120 | D:6      | Slain by an orc warrior

Skill      XL: |  1  2  3  4  5  6  7  8 |
---------------+-------------------------+-----
Stealth        | 1 2 3 4 6 7 9 |  9.8
Dodging        | 3 4 5 |  5.4
Evocations     | 1 2 3 4 |  4.6
Fighting       | 4 5 |  5.7
Short Blades   | |  3.6

Action                   |  1- 3 |  4- 6 |  7- 9 || total
-------------------------+-------+-------+-------++-------
Melee: Short sword       |    73 |   137 |   153 ||   363
       Constrict         |    14 |    29 |    30 ||    73
       Tentacles         |     6 |    17 |    30 ||    53
Evoke: Wand              |       |       |     1 ||     1
  Use: Scroll            |     1 |     4 |     6 ||    11
       Potion            |       |     1 |       ||     1
 Stab: Sleeping          |    10 |     9 |     6 ||    25
       Invisible         |     1 |       |       ||     1
       Petrifying        |     1 |       |       ||     1
       Distracted        |       |     1 |     1 ||     2
       Paralysed         |       |       |     2 ||     2
       Confused          |       |       |     1 ||     1
  Eat: Chunk             |     2 |    11 |    11 ||    24
Armor: Skin              |     4 |    15 |    21 ||    40
Dodge: Dodged            |    52 |    58 |    87 ||   197
